 Dungeon Crawl Stone Soup version 0.30-a0-691-g754fce4c43 (webtiles) character file.

Game seed: 9691432118403077567

179 Absynth the Grasshopper (level 5, -7/43 HPs)
             Began as a Gnoll Warper on Jan 19, 2023.
             Killed by divine providence
             ... invoked by an orc priest
              (15 damage)
             ... on level 3 of the Dungeon.
             The game lasted 00:07:19 (2417 turns).

Absynth the Grasshopper (Gnoll Warper)              Turns: 2417, Time: 00:07:20

Health: -7/43      AC:  5    Str: 11    XL:     5   Next: 59%
Magic:  12/12      EV: 12    Int: 14    God:
Gold:   178        SH:  0    Dex: 11    Spells: 12/14 levels left

rFire   . . .      SeeInvis +    a - +0 falchion
rCold   . . .      Faith    .    (no shield)
rNeg    . . .      Spirit   .    b - +0 leather armour
rPois   .          Reflect  .    j - +1 helmet {SInv}
rElec   .          Harm     .    (no cloak)
rCorr   .          Rampage  .    (no gloves)
Will    .....                    (no boots)
Stlth   +                        (no amulet)
HPRegen 0.27/turn                (no ring)
MPRegen 0.13/turn                (no ring)

@: no status effects
A: fangs 1, strong nose, distributed training
a: no special abilities


You were on level 3 of the Dungeon.
You visited 1 branch of the dungeon, and saw 4 of its levels.

You collected 178 gold pieces.

Inventory:

Hand Weapons
 a - a +0 falchion (weapon)
Missiles
 d - 11 boomerangs of dispersal
 p - 4 poisoned darts (quivered)
Armour
 b - a +0 leather armour (worn)
 j - a +1 helmet of see invisible (worn)
Scrolls
 c - a scroll of blinking
 e - a scroll of amnesia {unknown}
 f - 2 scrolls of immolation {unknown}
 g - a scroll of vulnerability {unknown}
 i - 4 scrolls of poison {unknown}
 m - a scroll of identify {unknown}
 n - a scroll of magic mapping {unknown}
Potions
 h - a potion of flight {unknown}
 k - 5 potions of curing {unknown}
 l - a potion of cancellation {unknown}
 o - 2 potions of lignification {unknown}


   Skills:
 + Level 4.8 Fighting
 + Level 1.6 Short Blades
 + Level 4.8 Long Blades
 + Level 1.6 Axes
 + Level 1.6 Maces & Flails
 + Level 1.6 Polearms
 + Level 1.6 Staves
 + Level 1.6 Ranged Weapons
 + Level 3.0 Throwing
 + Level 3.0 Armour
 + Level 4.8 Dodging
 + Level 1.6 Stealth
 + Level 1.6 Shields
 + Level 1.6 Unarmed Combat
 + Level 5.2 Spellcasting
 + Level 1.3 Conjurations
 + Level 1.3 Hexes
 + Level 1.3 Summonings
 + Level 1.3 Necromancy
 + Level 5.6 Translocations
 + Level 1.3 Transmutations
 + Level 1.3 Fire Magic
 + Level 1.3 Ice Magic
 + Level 1.3 Air Magic
 + Level 1.3 Earth Magic
 + Level 1.3 Poison Magic
 + Level 1.8 Invocations
 + Level 1.6 Evocations


You had 12 spell levels left.
You knew the following spells:

 Your Spells              Type           Power      Damage    Failure   Level
b - Blink                 Tloc           38%        N/A       3%          2

Your spell library contained the following spells:

 Spells                   Type           Power      Damage    Failure   Level
 Lesser Beckoning         Tloc           38%        N/A       3%          2
 Teleport Other           Tloc           19%        N/A       7%          3
 Vhi's Electric Charge    Tloc/Air       26%        N/A       16%         3
 Kindle Blastsparks       Fire/Tloc/Air  22%        2d11      22%         3
 Manifold Assault         Tloc           19%        N/A       22%         4
 Ignite Poison            Fire/Tmut/Pois 7%         N/A       36%         3
 Freezing Cloud           Conj/Ice/Air   3%         6-21      98%         5


Dungeon Overview and Level Annotations

Branches:
Dungeon (4/15)
 Temple: D:4-7

Altars:

Annotations:
D:4 exclusion: black bear


Innate Abilities, Weirdness & Mutations

You have very sharp teeth.
Your uncanny sense of smell can sniff out nearby items.
Your experience applies equally to all skills.


Message History

You hit the orc priest.
The orc priest is lightly wounded.
The orc priest barely misses you.
You closely miss the orc priest.
The orc priest is lightly wounded.
The orc priest mumbles some strange prayers to Beogh against you.
Pain shoots through your body!
You barely miss the orc priest. You bite the orc priest.
The orc priest is moderately wounded.
The orc priest mumbles some strange prayers to Beogh against you.
Beogh smites you!
You hit the orc priest but do no damage.
The orc priest is moderately wounded.
The orc priest barely misses you.
You hit the orc priest.
The orc priest is moderately wounded.
The orc priest hits you with a +0 falchion.
You hit the orc priest but do no damage.
The orc priest is moderately wounded.
The orc priest hits you with a +0 falchion.
You closely miss the orc priest.
The orc priest is moderately wounded.
The orc priest hits you with a +0 falchion.
You hit the orc priest. Your bite misses the orc priest.
The orc priest is severely wounded.
The orc priest barely misses you.
You hit the orc priest.
The orc priest is almost dead.
The orc priest calls down the wrath of Beogh upon you.
Beogh smites you!
* * * LOW HITPOINT WARNING * * *
You hit the orc priest but do no damage.
Your punch misses the orc priest. Your bite misses the orc priest.
The orc priest is almost dead.
The orc priest closely misses you.
You hit the orc priest.
The orc priest is almost dead.
The orc priest mumbles some strange prayers to Beogh against you.
Beogh smites you!
You die...

##..#
#.....#.#.......#
##.###.###.#.#.#.....#
#.......#......)....#
##.......##...##....#
#.###.#.##..###....#
#.#.........# #....#
#.#.#.#)##..###....##
#.#.#....[o##.'.....#
#.#.......@##.#.....#
#.########)##.#.....#
#...........#.#.....#
##########..#.#####.#
#...#.# #.# #..##.#
#.# #.....# #.#
#.##### #.# #.# #.#


You could see an orc priest.

Vanquished Creatures
  A hound (D:4)
  Jessica (D:2)
  Robin (D:2)
  4 adders (D:2)
  3 dart slugs
  7 orcs (D:3)
  3 endoplasms
  2 giant cockroaches
  9 goblins
  4 hobgoblins
  2 jackals (D:1)
  4 kobolds
  2 quokkas
  4 ball pythons
  9 bats
  5 frilled lizards
  8 rats
69 creatures vanquished.

Vanquished Creatures (others)
  12 plants (D:1)
12 creatures vanquished.

Grand Total: 81 creatures vanquished

Notes
Turn   | Place    | Note
-------+----------+-------------------------------------------
     0 | D:1      | Absynth the Gnoll Warper began the quest for the Orb.
     0 | D:1      | Reached XP level 1. HP: 20/20 MP: 6/6
     5 | D:1      | Found a faded altar of an unknown god.
    28 | D:1      | Reached XP level 2. HP: 20/26 MP: 7/7
   135 | D:1      | Learned a level 2 spell: Blink
   462 | D:2      | Reached skill level 5 in Spellcasting
   462 | D:2      | Reached XP level 3. HP: 27/31 MP: 7/9
   466 | D:2      | Noticed Robin
   477 | D:2      | Reached skill level 1 in Invocations
   591 | D:2      | Killed Robin
   592 | D:2      | Reached skill level 1 in Short Blades
   592 | D:2      | Reached skill level 1 in Axes
   592 | D:2      | Reached skill level 1 in Maces & Flails
   592 | D:2      | Reached skill level 1 in Polearms
   592 | D:2      | Reached skill level 1 in Staves
   592 | D:2      | Reached skill level 1 in Ranged Weapons
   592 | D:2      | Reached skill level 1 in Stealth
   592 | D:2      | Reached skill level 1 in Shields
   592 | D:2      | Reached skill level 1 in Unarmed Combat
   592 | D:2      | Reached skill level 1 in Evocations
   760 | D:2      | Reached XP level 4. HP: 37/38 MP: 11/11
   952 | D:2      | Reached skill level 1 in Conjurations
   952 | D:2      | Reached skill level 1 in Hexes
   952 | D:2      | Reached skill level 1 in Summonings
   952 | D:2      | Reached skill level 1 in Necromancy
   952 | D:2      | Reached skill level 1 in Transmutations
   952 | D:2      | Reached skill level 1 in Fire Magic
   952 | D:2      | Reached skill level 1 in Ice Magic
   952 | D:2      | Reached skill level 1 in Air Magic
   952 | D:2      | Reached skill level 1 in Earth Magic
   952 | D:2      | Reached skill level 1 in Poison Magic
  1112 | D:2      | Noticed Jessica
  1119 | D:2      | Killed Jessica
  1124 | D:2      | Reached XP level 5. HP: 43/43 MP: 12/12
  2067 | D:4      | Noticed a black bear
  2417 | D:3      | Killed from afar by an orc priest

Illustrated notes

Levels and vault maps discovered:
D:1:      spicycebolla_arrival_clurvy, layout_rooms, basic_ecumenical_altar
D:2:      layout_loops_ring, uniq_robin, uniq_jessica
D:3:      layout_basic, kennysheep_another_room, grunt_ministairs_2,
          amcnicky_mini_pool_small
D:4:      layout_loops_ring, dreamdust_princess_corridor,
          kennysheep_generic_room_10

Skill      XL: |  1  2  3  4  5 |
---------------+----------------+-----
Spellcasting   | 5 |  5.2
Invocations    | 1 |  1.8
Short Blades   | 1 |  1.6
Axes           | 1 |  1.6
Maces & Flails | 1 |  1.6
Polearms       | 1 |  1.6
Staves         | 1 |  1.6
Ranged Weapons | 1 |  1.6
Stealth        | 1 |  1.6
Shields        | 1 |  1.6
Unarmed Combat | 1 |  1.6
Evocations     | 1 |  1.6
Conjurations   | 1 |  1.3
Hexes          | 1 |  1.3
Summonings     | 1 |  1.3
Necromancy     | 1 |  1.3
Transmutations | 1 |  1.3
Fire Magic     | 1 |  1.3
Ice Magic      | 1 |  1.3
Air Magic      | 1 |  1.3
Earth Magic    | 1 |  1.3
Poison Magic   | 1 |  1.3
Throwing       | 3 |  3.0
Armour         | 3 |  3.0
Fighting       | |  4.8
Long Blades    | |  4.8
Dodging        | |  4.8
Translocations | |  5.6

Action                   |  1- 3 |  4- 6 || total
-------------------------+-------+-------++-------
Melee: Falchion          |   104 |   174 ||   278
       Bite              |     7 |    11 ||    18
       Punch             |     1 |     2 ||     3
 Stab: Sleeping          |     2 |       ||     2
Armor: Leather armour    |    32 |    51 ||    83
Dodge: Dodged            |    89 |   160 ||   249

Table legend: (Time is in decaauts)
 A = Elapsed time spent in this place.
 B = Non-inter-level travel time spent in this place.
 C = Inter-level travel time spent in this place.
 D = Time resting spent in this place.
 E = Time spent auto-exploring this place.
 F = Levels seen in this place.
 G = Mean time per level.
                   A        B        C        D        E       F      G
               +--------+--------+--------+--------+--------+-----+--------+
         Total |   2439 |   2391 |     48 |    378 |   1296 |   4 |  609.8 |
       Dungeon |   2439 |   2391 |     48 |    378 |   1296 |   4 |  609.8 |
               +--------+--------+--------+--------+--------+-----+--------+

Top non-repeatable levels by time:
     D:2: 871 daAuts
     D:3: 753 daAuts
     D:1: 540 daAuts
     D:4: 274 daAuts
